[Event "Titled Tuesday Blitz February 14 Early 2023"]
[White "Maksimovic, Bojan"]
[Black "Zaragatski, Ilja"]
[WhiteFideId "14408120"]
[BlackFideId "4655192"]
[WhiteElo "2486"]
[BlackElo "2472"]
[Result "1-0"]
[Round "10"]
[TimeControl "180+2"]
[Date "2023.02.14"]
[WhiteClock "0:01:08"]
[BlackClock "0:00:01"]

1. e4 d6 2. d4 Nf6 3. Nc3 e5 4. Nf3 Nbd7 5. Bc4 Be7 6. O-O Nb6 7. Be2 exd4 8. Nxd4 O-O 9. Re1 Re8 10. h3 c6 11. Bf1 Bf8 12. a4 a5 13. Bg5 h6 14. Bh4 Nbd7 15. Nf5 Ne5 16. Bg3 Bxf5 17. exf5 Qc7 18. Bxe5 Rxe5 19. Rxe5 dxe5 20. Bc4 Qb6 21. b3 Bc5 22. Qe1 Bb4 23. Rd1 Rd8 24. Rxd8+ Qxd8 25. Qxe5 Qd2 26. Ne4 Qe1+ 27. Kh2 Qxe4 28. Qb8+ Bf8 29. Qxb7 Qf4+ 30. Kg1 Qc1+ 31. Kh2 Qf4+ 32. Kg1 Nd5 33. Qxc6 Ne7 34. Qb5 Qxf5 35. Bd3 Qxb5 36. axb5 Nd5 37. Kf1 Bc5 38. Be4 Nb6 39. Ke2 g6 40. f4 f5 41. Bc6 Kf7 42. g4 Kf6 43. Kf3 fxg4+ 44. hxg4 Bd6 45. Ke4 h5 46. g5+ Kf7 47. f5 h4 48. f6 h3 49. Kd4 h2 50. c4 Nd7 51. Bd5+ Kf8 52. Bh1 1-0


[Site "https://www.chess.com"]

[Event "Titled Tuesday Blitz February 14 Early 2023"]
[White "Derjabin, Ilja"]
[Black "Srihari L R"]
[WhiteFideId "14104768"]
[BlackFideId "46617116"]
[WhiteElo "2333"]
[BlackElo "2416"]
[Result "1-0"]
[Round "10"]
[TimeControl "180+2"]
[Date "2023.02.14"]
[WhiteClock "0:00:31"]
[BlackClock "0:00:36"]

1. d4 Nf6 2. c4 e6 3. Nc3 d5 4. cxd5 exd5 5. Bg5 c6 6. e3 h6 7. Bh4 Bf5 8. Qf3 Bg6 9. Bxf6 Qxf6 10. Qxf6 gxf6 11. Nge2 Bd6 12. h4 h5 13. g3 Nd7 14. Nf4 Bxf4 15. gxf4 Bf5 16. Be2 Ke7 17. Kd2 Nb6 18. b3 Nc8 19. Rag1 Nd6 20. f3 b5 21. Bd3 Be6 22. e4 b4 23. Na4 dxe4 24. fxe4 Bg4 25. e5 fxe5 26. fxe5 Nf5 27. Bxf5 Bxf5 28. Ke3 Be6 29. Nc5 Bd5 30. Rh3 a5 31. Nd3 Be6 32. Rhg3 Rhb8 33. Nf4 Bg4 34. Rc1 Rc8 35. Rg2 a4 36. Rgc2 axb3 37. axb3 Ra3 38. Rxc6 Rxb3+ 39. Kd2 Rxc6 40. Rxc6 Rf3 41. Nd5+ Kf8 42. Nxb4 Rh3 43. Nd5 Rxh4 44. Nf6 Be6 45. Rd6 Rh2+ 46. Ke3 h4 47. d5 Bf5 48. Rd8+ Kg7 49. Kf4 Rf2+ 50. Kg5 Bh7 51. Nh5# 1-0


[Site "https://www.chess.com"]

[Event "Titled Tuesday Blitz February 14 Early 2023"]
[White "EREBUNI91"]
[Black "Cella, Glaucio Dalla Cortt"]
[BlackFideId "2119455"]
[WhiteElo "2719"]
[BlackElo "1894"]
[Result "1-0"]
[Round "10"]
[TimeControl "180+2"]
[Date "2023.02.14"]
[WhiteClock "0:00:29"]
[BlackClock "0:00:29"]

1. e4 c5 2. Nc3 e6 3. Nf3 Nc6 4. Bb5 Nd4 5. Nxd4 cxd4 6. Ne2 a6 7. Bd3 d5 8. O-O dxe4 9. Bxe4 Nf6 10. Bf3 Bc5 11. d3 O-O 12. Ng3 Nd5 13. Re1 Bd6 14. Qe2 Bd7 15. Bxd5 exd5 16. Qh5 Bxg3 17. hxg3 Be6 18. Qe5 Re8 19. Qxd4 Rc8 20. c3 Bf5 21. Rxe8+ Qxe8 22. Be3 Qb5 23. Qe5 Qxd3 24. Bd4 f6 25. Qxd5+ Kh8 26. Re1 h5 27. Re7 Qb1+ 28. Kh2 Qxb2 29. Qf7 Rg8 30. Bxf6 1-0


[Site "https://www.chess.com"]

[Event "Titled Tuesday Blitz February 14 Early 2023"]
[White "Toncheva, Nadya"]
[Black "Alex_Sahakyan2006"]
[WhiteFideId "2924056"]
[WhiteElo "2295"]
[BlackElo "2715"]
[Result "0-1"]
[Round "10"]
[TimeControl "180+2"]
[Date "2023.02.14"]
[WhiteClock "0:00:20"]
[BlackClock "0:01:13"]

1. e4 c6 2. d4 d5 3. Nc3 dxe4 4. Nxe4 Nd7 5. Nf3 Ngf6 6. Bd3 Nxe4 7. Bxe4 Nf6 8. Bd3 Bg4 9. c3 e6 10. h3 Bxf3 11. Qxf3 h6 12. O-O Bd6 13. Re1 O-O 14. b3 Re8 15. Bb2 e5 16. dxe5 Bxe5 17. Rad1 Qc7 18. Bb1 Re7 19. Ba3 c5 20. Re3 Rae8 21. Rde1 b6 22. Bb2 Qd6 23. Kh1 Qd2 24. Qe2 Qd8 25. c4 Bd6 26. Bxf6 Rxe3 27. fxe3 Qxf6 28. Qd3 Qe5 29. Kg1 Qh2+ 30. Kf1 Qh1+ 31. Kf2 Bg3+ 0-1


[Site "https://www.chess.com"]

[Event "Titled Tuesday Blitz February 14 Early 2023"]
[White "Veiga, Jose Francisco R P Neves"]
[Black "Starozhilov, Leonid"]
[WhiteFideId "1930087"]
[BlackFideId "14106752"]
[WhiteElo "2406"]
[BlackElo "2313"]
[Result "0-1"]
[Round "10"]
[TimeControl "180+2"]
[Date "2023.02.14"]
[WhiteClock "0:00:06"]
[BlackClock "0:00:07"]

1. c4 Nf6 2. Nf3 g6 3. Nc3 Bg7 4. e4 O-O 5. e5 Ne8 6. d4 d6 7. Bf4 Nc6 8. exd6 exd6 9. Be2 Bg4 10. d5 Bxf3 11. Bxf3 Ne5 12. Be2 Nf6 13. O-O Nfd7 14. Rc1 a5 15. b3 Nc5 16. Be3 b6 17. f4 Ned7 18. Re1 Re8 19. Bf3 Qf6 20. Nb5 Rxe3 21. Rxe3 Qxf4 22. Qe2 Ne5 23. g3 Qg5 24. Rf1 Re8 25. Kg2 Bh6 26. Rc3 Qd8 27. Qc2 f5 28. a3 Bg7 29. b4 Nxf3 30. Rcxf3 Ne4 31. Re1 h5 32. Rfe3 h4 33. Nc3 Bxc3 34. Qxc3 axb4 35. axb4 Qg5 36. Qc2 Qg4 37. Qe2 h3+ 38. Kg1 Qg5 39. Qf1 Kg7 40. Qxh3 Qf6 41. Qf1 Qd4 42. Kg2 Ra8 43. R1e2 Ra1 44. Re1 Ra2+ 45. R3e2 Qxc4 46. Rxa2 Qxa2+ 47. Qe2 Qxd5 48. Kh3 Ng5+ 49. Kh4 Nf3+ 50. Kh3 Nxe1 51. Qxe1 Qe4 52. Qc3+ Kh6 53. Qxc7 Qg4+ 54. Kg2 Qe2+ 55. Kh3 Qf1+ 56. Kh4 g5# 0-1


[Site "https://www.chess.com"]

[Event "Titled Tuesday Blitz February 14 Early 2023"]
[White "Khamdamova, Afruza"]
[Black "Janaszak, Dawid"]
[WhiteFideId "14210444"]
[BlackFideId "1119206"]
[WhiteElo "2162"]
[BlackElo "2316"]
[Result "1-0"]
[Round "10"]
[TimeControl "180+2"]
[Date "2023.02.14"]
[WhiteClock "0:00:13"]
[BlackClock "0:00:01"]

1. e4 e5 2. Nf3 Nc6 3. Bb5 a6 4. Ba4 Nf6 5. d3 Bc5 6. O-O b5 7. Bb3 O-O 8. c3 d6 9. Bg5 h6 10. Bh4 Qe7 11. Nbd2 Nd8 12. d4 Bb6 13. Qe2 Ne6 14. dxe5 Nf4 15. Qd1 dxe5 16. a4 Bg4 17. Qc2 Rad8 18. axb5 axb5 19. Bg3 N6h5 20. c4 Nxg3 21. hxg3 Ne2+ 22. Kh1 c6 23. Nh2 Qg5 24. Ndf3 Bxf3 25. gxf3 Rd2 26. f4 Rxc2 27. fxg5 Rxb2 28. Rab1 Rxb1 29. Rxb1 hxg5 30. Ng4 Bd4 31. cxb5 cxb5 32. Kg2 g6 33. Nf6+ Kg7 34. Nd5 f5 35. Kf3 Nc3 36. Nxc3 Bxc3 37. exf5 gxf5 38. Rd1 e4+ 39. Ke2 f4 40. Rd7+ Kf6 41. Rd6+ Kf5 42. Rb6 b4 43. Rb5+ Kf6 44. g4 Rd8 45. Rf5+ Kg6 46. Bd5 e3 47. fxe3 fxe3 48. Kxe3 Re8+ 49. Kd3 Re1 50. Be4 Kh6 51. Rf7 Rxe4 52. Kxe4 b3 53. Rb7 b2 54. Kf5 Bd4 55. Ke4 Bc3 56. Rb3 Bg7 57. Kf5 Bd4 58. Rb7 Bc3 59. Rb6+ Kh7 60. Kxg5 Bd2+ 61. Kf5 Bc1 62. Rb3 Kh6 63. g5+ Bxg5 64. Rh3+ Kg7 65. Rb3 Bc1 66. Rb7+ Kf8 67. Kf6 Ke8 68. Ke6 Kd8 69. Kd6 Kc8 70. Rb3 Bf4+ 71. Kc6 Be5 72. Rb5 Kd8 73. Rd5+ Kc8 74. Rxe5 Kd8 75. Rb5 1-0


[Site "https://www.chess.com"]

[Event "Titled Tuesday Blitz February 14 Early 2023"]
[White "Gurevich, Dmitry"]
[Black "Vlassov, Nikolai"]
[WhiteFideId "2000407"]
[BlackFideId "4103360"]
[WhiteElo "2393"]
[BlackElo "2283"]
[Result "0-1"]
[Round "10"]
[TimeControl "180+2"]
[Date "2023.02.14"]
[WhiteClock "0:00:02"]
[BlackClock "0:00:11"]

1. d4 Nf6 2. c4 Nc6 3. Nf3 e6 4. Nc3 Bb4 5. Qc2 d6 6. Bd2 O-O 7. a3 Bxc3 8. Bxc3 Qe7 9. e3 e5 10. dxe5 dxe5 11. Be2 Bg4 12. b4 e4 13. Nd4 Bxe2 14. Nxc6 bxc6 15. Qxe2 Rfd8 16. O-O Rd3 17. Rac1 a5 18. f3 axb4 19. axb4 Ra3 20. Bxf6 Qxf6 21. fxe4 Qg5 22. Rcd1 Rxd1 23. Rxd1 h5 24. Qf3 Rxe3 25. Rd8+ Qxd8 26. Qxe3 Qd1+ 27. Kf2 Qc2+ 28. Qe2 Qc3 29. e5 Qxb4 30. e6 Qc5+ 31. Kf3 Qf5+ 32. Kg3 fxe6 33. h3 Kf7 34. Qe3 Ke7 35. Qa7 Kd6 36. Qd4+ Ke7 37. Qxg7+ Kd6 38. Qd4+ Ke7 39. Qf4 Qg6+ 40. Kh4 Qxg2 41. Qxc7+ Kf6 42. Qf4+ Kg6 43. Qe3 Kf5 44. Qc5+ e5 45. Qf8+ Ke4 46. Qe8 Kd4 47. Qxh5 e4 48. Qd1+ Kxc4 49. Qc1+ Kd5 50. Qd1+ Ke5 51. Qh5+ Kd4 52. Qd1+ Ke3 53. Qc1+ Kf3 54. Qxc6 Qg3+ 55. Kh5 Qxh3+ 56. Kg5 Qg3+ 57. Kf5 Qf4+ 58. Ke6 Kf2 59. Qc2+ Kg3 60. Qc3+ e3 61. Qg7+ Qg4+ 0-1


[Site "https://www.chess.com"]

[Event "Titled Tuesday Blitz February 14 Early 2023"]
[White "Ambartsumova, Karina"]
[Black "Heinemann, Josefine"]
[WhiteFideId "4166299"]
[BlackFideId "12900460"]
[WhiteElo "2393"]
[BlackElo "2289"]
[Result "1-0"]
[Round "10"]
[TimeControl "180+2"]
[Date "2023.02.14"]
[WhiteClock "0:00:11"]
[BlackClock "0:00:01"]

1. e4 e5 2. Nf3 Nc6 3. Bc4 Nf6 4. d4 exd4 5. O-O Nxe4 6. Re1 d5 7. Bxd5 Qxd5 8. Nc3 Qh5 9. Nxe4 Be6 10. Bg5 Bd6 11. Nxd6+ cxd6 12. Bf4 Qd5 13. c4 Qxc4 14. Bxd6 Qd5 15. Ba3 O-O-O 16. Rc1 Kb8 17. b3 h6 18. Rc5 Qd7 19. Qd3 g5 20. Rec1 Rhe8 21. Rxc6 bxc6 22. Ne5 Qb7 23. Nxc6+ Ka8 24. Nxd8 Rxd8 25. h3 Qd5 26. Rc5 Qd7 27. Ra5 Rc8 28. Bc5 Rc7 29. Qe4+ Kb8 30. Bxd4 Qc6 31. Qxc6 Rxc6 32. Bxa7+ Kb7 33. Be3 Rc2 34. Kh2 Kc6 35. Ra6+ Kb5 36. Rb6+ Ka5 37. b4+ Ka4 38. Bc5 Rxa2 39. Rb8 h5 40. Rh8 h4 41. Rg8 f6 42. Rg6 Bd5 43. Rxf6 Kb5 44. Rf5 Bc6 45. Rxg5 Kc4 46. Rg4+ Kb5 47. Rxh4 Ra1 48. Rg4 Rf1 49. h4 Rd1 50. h5 Rd7 51. Rh4 Rh7 52. h6 Be8 53. g4 Kc6 54. f4 Kd5 55. Kg3 Ke6 56. f5+ Kf6 57. Kf4 Bc6 58. g5+ Kf7 59. g6+ Kg8 60. gxh7+ Kxh7 61. Kg5 Bd5 62. Rd4 Bf7 63. Rd6 Kg8 64. Rd8+ Kh7 65. Rd7 Kg8 66. Bd4 Bc4 67. h7+ Kf8 68. h8=Q+ Bg8 69. Qg7+ 1-0


[Site "https://www.chess.com"]

[Event "Titled Tuesday Blitz February 14 Early 2023"]
[White "Demin, Vladimir"]
[Black "Jovic, Stanoje"]
[WhiteFideId "4167457"]
[BlackFideId "905020"]
[WhiteElo "2430"]
[BlackElo "2075"]
[Result "0-1"]
[Round "10"]
[TimeControl "180+2"]
[Date "2023.02.14"]
[WhiteClock "0:00:35"]
[BlackClock "0:01:13"]

1. e4 c6 2. d4 d5 3. e5 c5 4. c3 Nc6 5. f4 Nh6 6. Nf3 Bg4 7. Be3 Qb6 8. Qd2 e6 9. Ng1 cxd4 10. Bxd4 Nxd4 11. cxd4 Nf5 12. Ne2 Bxe2 13. Bxe2 Nxd4 14. Nc3 Bb4 15. a3 Nb3 16. Qd1 Bxc3+ 17. bxc3 Nxa1 18. Qxa1 O-O 19. Kd2 Qf2 20. g3 d4 21. cxd4 Rfd8 22. Kd3 Rd7 23. Rc1 Rad8 24. Rc4 b5 25. Rb4 a5 26. Rb1 Rxd4+ 27. Kc3 Qe3+ 28. Kb2 Qd2+ 29. Kb3 a4# 0-1


[Site "https://www.chess.com"]

[Event "Titled Tuesday Blitz February 14 Early 2023"]
[White "Kubatko, Ivan"]
[Black "Yurovskykh, Oleksandr"]
[WhiteFideId "24111473"]
[BlackFideId "14134020"]
[WhiteElo "2257"]
[BlackElo "2328"]
[Result "0-1"]
[Round "10"]
[TimeControl "180+2"]
[Date "2023.02.14"]
[WhiteClock "0:00:04"]
[BlackClock "0:00:09"]

1. e4 g6 2. d4 Bg7 3. Nc3 d6 4. f4 a6 5. a4 Nf6 6. e5 dxe5 7. dxe5 Qxd1+ 8. Kxd1 Ng4 9. Ke1 Be6 10. h3 Nh6 11. g4 Nc6 12. Nf3 f6 13. exf6 exf6 14. Be3 O-O-O 15. Kf2 Rhe8 16. Be2 Bxg4 17. hxg4 Nxg4+ 18. Kg3 Nxe3 19. Rxh7 Nf5+ 20. Kf2 Rh8 21. Rah1 Rxh7 22. Rxh7 Rh8 23. Rxh8+ Bxh8 24. Bd3 Nce7 25. Be4 Nd6 26. Bd3 f5 27. Nd1 Kd7 28. c3 Bg7 29. Ne3 c6 30. Nc4 Nxc4 31. Bxc4 Kd6 32. Bf7 Bf6 33. Kg3 a5 34. Nd2 Kc5 35. Nb3+ Kb6 36. Nd2 Ka6 37. Kf3 b5 38. Be8 Kb6 39. axb5 cxb5 40. Nf1 a4 41. Ne3 Kc5 42. Nc2 g5 43. fxg5 Bxg5 44. Na3 Bc1 0-1


[Site "https://www.chess.com"]

[Event "Titled Tuesday Blitz February 14 Early 2023"]
[White "Ordekalog"]
[Black "Kulkarni, Vikramaditya"]
[BlackFideId "5009847"]
[WhiteElo "2544"]
[BlackElo "2251"]
[Result "1-0"]
[Round "10"]
[TimeControl "180+2"]
[Date "2023.02.14"]
[WhiteClock "0:00:28"]
[BlackClock "0:00:10"]

1. d4 d6 2. e4 Nf6 3. Nc3 e5 4. Nf3 Nbd7 5. Bc4 Be7 6. a4 a5 7. O-O c6 8. b3 O-O 9. Ba3 Qe8 10. Re1 Kh8 11. dxe5 dxe5 12. Bd6 Nb6 13. Nxe5 Nxc4 14. Nxc4 Be6 15. Bxe7 Qxe7 16. Qd6 Qe8 17. Nb6 Qd8 18. Qxd8 Raxd8 19. Rad1 g6 20. f3 Kg7 21. Kf2 Nh5 22. Ke3 g5 23. g3 Kf6 24. Rxd8 Rxd8 25. f4 gxf4+ 26. gxf4 Re8 27. Kf3 Bh3 28. Nc4 Rg8 29. Ne3 Rd8 30. e5+ Ke6 31. Ne4 h6 32. Nc5+ Ke7 33. Nxb7 Rd2 34. Nxa5 c5 35. Nac4 Rxh2 36. a5 Bd7 37. Nd5+ Ke6 38. Nc7+ Ke7 39. Nd5+ Ke6 40. Nce3 Bc6 41. f5+ Kxe5 42. Ng4+ Kxf5 43. Re5+ Kg6 44. Nxh2 f6 45. Rxh5 Kxh5 46. c4 1-0


[Site "https://www.chess.com"]

[Event "Titled Tuesday Blitz February 14 Early 2023"]
[White "Petukhov, Dmitry"]
[Black "Koridze, Lile"]
[WhiteFideId "4142748"]
[BlackFideId "13612514"]
[WhiteElo "2350"]
[BlackElo "2191"]
[Result "1-0"]
[Round "10"]
[TimeControl "180+2"]
[Date "2023.02.14"]
[WhiteClock "0:01:24"]
[BlackClock "0:01:45"]

1. e4 c5 2. c3 Nf6 3. e5 Nd5 4. d4 cxd4 5. Nf3 Nc6 6. Bc4 Nb6 7. Bb3 d5 8. exd6 Qxd6 9. O-O e6 10. cxd4 Be7 11. Nc3 a6 12. d5 exd5 13. Nxd5 Nxd5 14. Qxd5 O-O 15. Qxd6 Bxd6 16. Be3 Bf5 17. Rfd1 Be7 18. Nd4 Nxd4 19. Bxd4 Rfd8 20. Bb6 Rxd1+ 21. Rxd1 Bf6 22. Rc1 Bxb2 23. Rc7 Bg6 24. Rxb7 Re8 25. h4 h6 26. Be3 Bf6 27. g3 Re7 28. Rb6 a5 29. Ra6 Bc3 30. Rxg6 a4 31. Bc4 Rc7 32. Rg4 h5 33. Re4 Kf8 34. Bb5 a3 35. Re8# 1-0


[Site "https://www.chess.com"]

[Event "Titled Tuesday Blitz February 14 Early 2023"]
[White "Mushini Ajay"]
[Black "Kumala, Aleksander"]
[WhiteFideId "35066188"]
[BlackFideId "1141880"]
[WhiteElo "2310"]
[BlackElo "2165"]
[Result "0-1"]
[Round "10"]
[TimeControl "180+2"]
[Date "2023.02.14"]
[WhiteClock "0:02:43"]
[BlackClock "0:02:39"]

1. d4 Nf6 2. c4 Nc6 3. Nc3 e5 4. d5 Ne7 5. e4 Ng6 6. Be3 Bb4 7. Bd3 O-O 8. Ne2 d6 9. O-O Nh5 10. a3 Bxc3 11. Nxc3 Nhf4 12. Ne2 Nxd3 13. Qxd3 f5 14. f3 f4 15. Bf2 Qg5 16. c5 Bh3 17. g3 Bxf1 18. Rxf1 fxg3 19. hxg3 Nf4 20. Nxf4 exf4 21. g4 h5 22. Qe2 hxg4 23. fxg4 f3 0-1


[Site "https://www.chess.com"]

[Event "Titled Tuesday Blitz February 14 Early 2023"]
[White "Gonzalez, Francisco Silva"]
[Black "AyMitecK"]
[WhiteFideId "1512285"]
[WhiteElo "2021"]
[BlackElo "2484"]
[Result "1-0"]
[Round "10"]
[TimeControl "180+2"]
[Date "2023.02.14"]
[WhiteClock "0:00:15"]
[BlackClock "0:00:14"]

1. d4 Nf6 2. c4 e6 3. Nc3 c5 4. d5 d6 5. e4 exd5 6. exd5 Be7 7. h3 O-O 8. Bd3 Nbd7 9. f4 Re8 10. Nge2 Nf8 11. O-O Ng6 12. Qe1 Bf8 13. Qf2 Nh5 14. Ng3 Nxg3 15. Qxg3 f5 16. a4 Be7 17. Qf3 Bf6 18. Qh5 Bd4+ 19. Kh2 Qh4 20. Qxh4 Nxh4 21. Nb5 Rd8 22. Nxd4 cxd4 23. Bd2 b6 24. a5 Rb8 25. axb6 axb6 26. Rfe1 Ng6 27. Ra7 Rb7 28. Ra8 Rf7 29. g4 fxg4 30. Bxg6 hxg6 31. hxg4 g5 32. f5 g6 33. Bxg5 Rdf8 34. fxg6 Rf2+ 35. Kg1 Bxg4 36. Rxf8+ Rxf8 37. Bh6 d3 38. Kg2 Bh5 39. g7 Re8 40. Rf1 Bf7 41. Kg3 d2 42. Bxd2 Kxg7 43. Bc3+ Kg8 44. Rf6 b5 45. Rxd6 bxc4 46. Rd7 Re4 47. Kf3 Re8 48. Kf4 Re2 49. Kf5 Rf2+ 50. Ke5 Re2+ 51. Kd6 Re3 52. Kc6 Rd3 53. Rd8+ Kh7 54. Kc5 Kg6 55. Kxc4 Rd1 56. b4 Kf5 57. b5 Rb1 58. Kc5 Bh5 59. Rf8+ Ke4 60. Rh8 Be2 61. Rh4+ Kd3 62. Bb4 Rc1+ 63. Kd6 Kc2 64. b6 Rb1 65. b7 Rg1 66. b8=Q Rg6+ 67. Kc5 Rg5 68. Rc4+ Bxc4 69. Kxc4 Rg4+ 70. Kb5 Rg5 71. Qd6 Rg4 72. Qc5+ Kd3 73. d6 Ke2 74. Qd5 Ke3 75. Qe6+ Re4 76. Qxe4+ Kxe4 77. d7 Ke5 78. d8=Q Ke4 79. Qd6 Kf5 80. Qd5+ Kf4 81. Qe6 Kf3 82. Qe5 Kg4 83. Ba5 Kf3 84. Qd4 Kg3 85. Qe4 Kf2 86. Qd3 Kg2 87. Qe3 Kf1 88. Qd2 Kg1 89. Kc4 Kh1 90. Kd3 Kg1 91. Ke3 Kf1 92. Kf3 Kg1 93. Qf2+ Kh1 94. Qf1+ Kh2 95. Qg2# 1-0


[Site "https://www.chess.com"]

[Event "Titled Tuesday Blitz February 14 Early 2023"]
[White "Alahakoon, Isuru"]
[Black "Oro, Faustino"]
[WhiteFideId "9900993"]
[BlackFideId "20000197"]
[WhiteElo "1819"]
[BlackElo "2269"]
[Result "1-0"]
[Round "10"]
[TimeControl "180+2"]
[Date "2023.02.14"]
[WhiteClock "0:00:10"]
[BlackClock "0:00:03"]

1. Nf3 Nf6 2. d4 e6 3. Nc3 d5 4. Bg5 Be7 5. Bxf6 Bxf6 6. e4 dxe4 7. Nxe4 Be7 8. Bd3 Nd7 9. Qe2 c5 10. dxc5 Nxc5 11. Nxc5 Qa5+ 12. c3 Qxc5 13. O-O O-O 14. Qe4 g6 15. Rfe1 Bf6 16. Rad1 Qc7 17. Ne5 Rd8 18. Ng4 Bg7 19. Qf3 Qe7 20. Bc4 h5 21. Rxd8+ Qxd8 22. Ne5 Qc7 23. Qf4 Qe7 24. Rd1 a6 25. a4 b5 26. Ba2 bxa4 27. h3 Qf6 28. Rd8+ Qxd8 29. Qxf7+ Kh8 30. Nxg6+ Kh7 31. Ne7 Qd1+ 32. Kh2 Qd6+ 33. g3 Qe5 34. Bb1+ Qf5 35. Bxf5+ exf5 36. Qxh5+ Bh6 37. Qg6+ Kh8 38. Qxh6# 1-0


[Site "https://www.chess.com"]

[Event "Titled Tuesday Blitz February 14 Early 2023"]
[White "Begunov, Konstantin"]
[Black "Fiorito, Joaquin"]
[WhiteFideId "4118510"]
[BlackFideId "180173"]
[WhiteElo "2325"]
[BlackElo "2405"]
[Result "0-1"]
[Round "10"]
[TimeControl "180+2"]
[Date "2023.02.14"]
[WhiteClock "0:00:02"]
[BlackClock "0:01:11"]

1. d4 Nf6 2. c4 e6 3. Nf3 d5 4. Nc3 Bb4 5. Qa4+ Nc6 6. Ne5 a5 7. Nxc6 bxc6 8. a3 Be7 9. cxd5 exd5 10. Bf4 Bd7 11. Qc2 O-O 12. e3 Bd6 13. Bg3 c5 14. dxc5 Bxc5 15. Rd1 c6 16. Nxd5 cxd5 17. Qxc5 Rc8 18. Qd4 Bg4 19. f3 Bf5 20. Bd3 Bxd3 21. Qxd3 Qb6 22. Qd2 Rfe8 23. Bf2 Rb8 24. O-O Qxb2 25. Qxa5 Ra8 26. Qc5 Qxa3 27. Qxa3 Rxa3 28. Rd2 h6 29. Rfd1 Rc8 30. Bh4 g5 31. Bf2 Rac3 32. g4 R3c4 33. h4 Kg7 34. hxg5 hxg5 35. Kg2 Kg6 36. Rd4 Rc2 37. R1d2 Rc1 38. Bg3 Re8 39. Kf2 Rc6 40. Rd1 Rc3 41. R4d3 Rc2+ 42. R1d2 Rc6 43. Bh2 Rce6 44. Bg3 Rh8 45. Bc7 Rh3 46. Kg2 Rh8 47. Kf2 Rc8 48. Bg3 Rce8 49. Bh2 Ng8 50. Bg3 Ne7 51. Rxd5 Nxd5 52. Rxd5 Rxe3 53. Bc7 Rc3 54. Bb6 Rc2+ 55. Kg3 Ree2 0-1


[Site "https://www.chess.com"]

[Event "Titled Tuesday Blitz February 14 Early 2023"]
[White "Mouhamad, Joachim"]
[Black "Jakubowski, Krzysztof"]
[WhiteFideId "656410"]
[BlackFideId "1112848"]
[WhiteElo "2238"]
[BlackElo "2486"]
[Result "0-1"]
[Round "10"]
[TimeControl "180+2"]
[Date "2023.02.14"]
[WhiteClock "0:00:53"]
[BlackClock "0:01:05"]

1. e4 c6 2. d4 d5 3. Nc3 dxe4 4. Nxe4 Nd7 5. Nf3 Ngf6 6. Nxf6+ Nxf6 7. c3 Bg4 8. Bc4 e6 9. h3 Bh5 10. g4 Bg6 11. Ne5 Bd6 12. Qe2 Bxe5 13. dxe5 Nd5 14. Bd2 b5 15. Bb3 a5 16. O-O-O a4 17. Bc2 Qb6 18. f4 Bxc2 19. Kxc2 b4 20. cxb4 a3 21. b3 O-O 22. Qc4 Qf2 23. Kb1 Ne3 24. Bxe3 Qb2# 0-1


[Site "https://www.chess.com"]

[Event "Titled Tuesday Blitz February 14 Early 2023"]
[White "Marosi, Levente"]
[Black "Miszler, Levente"]
[WhiteFideId "747181"]
[BlackFideId "763276"]
[WhiteElo "2303"]
[BlackElo "2271"]
[Result "1-0"]
[Round "10"]
[TimeControl "180+2"]
[Date "2023.02.14"]
[WhiteClock "0:01:10"]
[BlackClock "0:00:18"]

1. e4 e6 2. d4 d5 3. Nd2 f5 4. exf5 exf5 5. Bd3 Nf6 6. Ne2 Bd6 7. Nf3 O-O 8. O-O Ne4 9. Bf4 Bxf4 10. Nxf4 Qd6 11. Ne5 Nd7 12. Nxd7 Bxd7 13. Ne2 Rae8 14. f3 Qh6 15. Qc1 Qxc1 16. Raxc1 Nd6 17. Rfe1 g6 18. Kf2 Kf7 19. c3 Re7 20. Nf4 c6 21. Rxe7+ Kxe7 22. Re1+ Kf7 23. Bc2 Re8 24. Rxe8 Nxe8 25. Nd3 Ke7 26. h4 Nf6 27. Ne5 Be8 28. b4 Kd6 29. Bd3 b6 30. Ke3 c5 31. bxc5+ bxc5 32. g4 fxg4 33. fxg4 cxd4+ 34. cxd4 Bd7 35. Kf4 Ke7 36. Kg5 Ng8 37. h5 gxh5 38. gxh5 Nf6 39. h6 Ne4+ 40. Bxe4 dxe4 41. Nxd7 Kxd7 42. Kf4 1-0


[Site "https://www.chess.com"]

[Event "Titled Tuesday Blitz February 14 Early 2023"]
[White "Real_taiatai"]
[Black "Ladan, Nicholas"]
[BlackFideId "30918855"]
[WhiteElo "2349"]
[BlackElo "2228"]
[Result "1-0"]
[Round "10"]
[TimeControl "180+2"]
[Date "2023.02.14"]
[WhiteClock "0:00:51"]
[BlackClock "0:00:31"]

1. d4 d5 2. c4 e6 3. Nf3 Nf6 4. g3 Bb4+ 5. Nbd2 dxc4 6. Bg2 c6 7. O-O Nbd7 8. Nxc4 O-O 9. Qc2 c5 10. a3 Ba5 11. dxc5 Bc7 12. Rd1 Qe7 13. b4 a5 14. Bb2 axb4 15. axb4 Rxa1 16. Bxa1 Nd5 17. Qb3 Rd8 18. e4 N5f6 19. Nd6 b6 20. Ng5 bxc5 21. Ngxf7 Rf8 22. Bh3 Rxf7 23. Nxc8 Qe8 24. Bxe6 Nf8 25. Bxf7+ Qxf7 26. Qxf7+ Kxf7 27. Bxf6 Kxf6 28. bxc5 Ne6 29. Nd6 Ke5 30. f4+ 1-0


[Site "https://www.chess.com"]

[Event "Titled Tuesday Blitz February 14 Early 2023"]
[White "Kopczynski, Michal"]
[Black "Szente Varga, Fruzsina"]
[WhiteFideId "1124200"]
[BlackFideId "712264"]
[WhiteElo "2225"]
[BlackElo "2075"]
[Result "1-0"]
[Round "10"]
[TimeControl "180+2"]
[Date "2023.02.14"]
[WhiteClock "0:00:18"]
[BlackClock "0:00:09"]

1. e4 Nf6 2. e5 Nd5 3. d4 d6 4. exd6 exd6 5. Bd3 Be7 6. Ne2 O-O 7. O-O Nc6 8. c4 Nb6 9. Nbc3 Bf6 10. Be3 Bg4 11. f3 Bh5 12. Ng3 Bg6 13. Bxg6 hxg6 14. b3 Re8 15. Bf2 d5 16. c5 Nc8 17. Qd3 N8e7 18. Rfe1 Qd7 19. Re2 Nf5 20. Nxf5 gxf5 21. Rae1 Rxe2 22. Rxe2 g6 23. h4 Nd8 24. h5 Kg7 25. Be3 Ne6 26. g4 fxg4 27. fxg4 Nxd4 28. Rg2 Nf3+ 29. Kf2 Ne5 30. Qxd5 Nxg4+ 31. Ke2 Qxd5 32. Nxd5 Nxe3 33. Kxe3 c6 34. h6+ Kxh6 35. Nxf6 Rd8 36. Rh2+ Kg5 37. Ne4+ Kf5 38. Rf2+ Ke6 39. Nd6 f5 40. Nxb7 Rd5 41. Kf4 Kf6 42. Ke3 g5 43. b4 f4+ 44. Ke4 Re5+ 45. Kd4 Rd5+ 46. Kc4 Kf5 47. Nd6+ Kg4 48. b5 Kg3 49. Ne4+ Kg4 50. bxc6 Re5 51. Nf6+ Kf5 52. c7 Kxf6 53. c8=Q Re4+ 54. Kd5 Re3 55. Qc6+ Kf5 56. Rg2 f3 57. Qd7+ Kf4 58. Qf7# 1-0


[Site "https://www.chess.com"]

[Event "Titled Tuesday Blitz February 14 Early 2023"]
[White "Mazibuko, Khanya"]
[Black "AidenRchess"]
[WhiteFideId "14321041"]
[WhiteElo "1913"]
[BlackElo "2517"]
[Result "0-1"]
[Round "10"]
[TimeControl "180+2"]
[Date "2023.02.14"]
[WhiteClock "0:00:31"]
[BlackClock "0:01:05"]

1. e4 c5 2. Nf3 e6 3. d4 cxd4 4. Nxd4 Nf6 5. Nc3 Nc6 6. Ndb5 d6 7. Bf4 e5 8. Bg5 a6 9. Na3 Be6 10. Nc4 Rc8 11. Ne3 Be7 12. Be2 Nd4 13. O-O O-O 14. Bxf6 Bxf6 15. Ned5 Bxd5 16. exd5 b5 17. a3 Bg5 18. f4 Bxf4 19. Bg4 Rc4 20. Qd3 f5 21. Bh3 e4 22. Qd1 Be3+ 23. Kh1 Qe7 24. Re1 f4 25. Be6+ Nxe6 26. dxe6 Qxe6 27. Nd5 Rd4 28. Nc7 Qd7 29. Qh5 Qxc7 30. c3 Rd2 31. Rad1 Qc5 32. Qg4 Rxd1 33. Rxd1 Qf5 34. Qe2 Bc5 35. a4 f3 0-1


[Site "https://www.chess.com"]